Workbook
Name New: #REF!
Name SourceList: #REF!

Sheet works
A1: Kgetlengrivier | G1: 46274
A2: Bulk Water Supply Bodorp Swartruggens
A3: Pipeline and related works
A6: Bill of Quantities
A14: This schedule of quantities is based on CEQ73 (Civil Engineering Quantities 1973) with References to SANS 1200 & SANS 0120 & additional information in CESMM3 (Civil Engineering Standard Method of Measurement)
A21: Descriptions in this Schedule of Quantities are abbreviated and the Schedule has been drawn up generally in accordance with the latest issue of Civil Engineering Quantities. Should any requirement of the measurement and payment clause of the applicable standardized specifications, or the project specifications, or particular specifications conflict with the terms of the schedule or, relevant civil engineering quantities, the requirements of the standardized, project, or particular specification, as applicable, shall prevail.
A31: In this bill of quantities all items are to be supplied, manufactured, transported, installed/erected as per the relevant specifications in the tender document/drawings or as specified by the manufacturer | B31: In this bill of quantities all items are to be supplied, manufactured, transported, installed/erected as per the relevant specifications in the tender document/drawings or as specified by the manufacturer | C31: In this bill of quantities all items are to be supplied, manufactured, transported, installed/erected as per the relevant specifications in the tender document/drawings or as specified by the manufacturer | D31: In this bill of quantities all items are to be supplied, manufactured, transported, installed/erected as per the relevant specifications in the tender document/drawings or as specified by the manufacturer | E31: In this bill of quantities all items are to be supplied, manufactured, transported, installed/erected as per the relevant specifications in the tender document/drawings or as specified by the manufacturer | F31: In this bill of quantities all items are to be supplied, manufactured, transported, installed/erected as per the relevant specifications in the tender document/drawings or as specified by the manufacturer | G31: In this bill of quantities all items are to be supplied, manufactured, transported, installed/erected as per the relevant specifications in the tender document/drawings or as specified by the manufacturer
A32: In this bill of quantities all items are to be supplied, manufactured, transported, installed/erected as per the relevant specifications in the tender document/drawings or as specified by the manufacturer | B32: In this bill of quantities all items are to be supplied, manufactured, transported, installed/erected as per the relevant specifications in the tender document/drawings or as specified by the manufacturer | C32: In this bill of quantities all items are to be supplied, manufactured, transported, installed/erected as per the relevant specifications in the tender document/drawings or as specified by the manufacturer | D32: In this bill of quantities all items are to be supplied, manufactured, transported, installed/erected as per the relevant specifications in the tender document/drawings or as specified by the manufacturer | E32: In this bill of quantities all items are to be supplied, manufactured, transported, installed/erected as per the relevant specifications in the tender document/drawings or as specified by the manufacturer | F32: In this bill of quantities all items are to be supplied, manufactured, transported, installed/erected as per the relevant specifications in the tender document/drawings or as specified by the manufacturer | G32: In this bill of quantities all items are to be supplied, manufactured, transported, installed/erected as per the relevant specifications in the tender document/drawings or as specified by the manufacturer
A33: In this bill of quantities all items are to be supplied, manufactured, transported, installed/erected as per the relevant specifications in the tender document/drawings or as specified by the manufacturer | B33: In this bill of quantities all items are to be supplied, manufactured, transported, installed/erected as per the relevant specifications in the tender document/drawings or as specified by the manufacturer | C33: In this bill of quantities all items are to be supplied, manufactured, transported, installed/erected as per the relevant specifications in the tender document/drawings or as specified by the manufacturer | D33: In this bill of quantities all items are to be supplied, manufactured, transported, installed/erected as per the relevant specifications in the tender document/drawings or as specified by the manufacturer | E33: In this bill of quantities all items are to be supplied, manufactured, transported, installed/erected as per the relevant specifications in the tender document/drawings or as specified by the manufacturer | F33: In this bill of quantities all items are to be supplied, manufactured, transported, installed/erected as per the relevant specifications in the tender document/drawings or as specified by the manufacturer | G33: In this bill of quantities all items are to be supplied, manufactured, transported, installed/erected as per the relevant specifications in the tender document/drawings or as specified by the manufacturer
A34: In this bill of quantities all items are to be supplied, manufactured, transported, installed/erected as per the relevant specifications in the tender document/drawings or as specified by the manufacturer | B34: In this bill of quantities all items are to be supplied, manufactured, transported, installed/erected as per the relevant specifications in the tender document/drawings or as specified by the manufacturer | C34: In this bill of quantities all items are to be supplied, manufactured, transported, installed/erected as per the relevant specifications in the tender document/drawings or as specified by the manufacturer | D34: In this bill of quantities all items are to be supplied, manufactured, transported, installed/erected as per the relevant specifications in the tender document/drawings or as specified by the manufacturer | E34: In this bill of quantities all items are to be supplied, manufactured, transported, installed/erected as per the relevant specifications in the tender document/drawings or as specified by the manufacturer | F34: In this bill of quantities all items are to be supplied, manufactured, transported, installed/erected as per the relevant specifications in the tender document/drawings or as specified by the manufacturer | G34: In this bill of quantities all items are to be supplied, manufactured, transported, installed/erected as per the relevant specifications in the tender document/drawings or as specified by the manufacturer
A38: All scheduled structural steel items are to be supplied, manufactured, transported, erected, painted & finished according to the relevant specifications stated in the SANS 1200 Schedule H (1990), HA (1990), HB (1985), HC (1988), SANS 2001:CS1 2005 Edition 1 including all relevant Normative references and drawings, unless otherwise stated by the Engineer in charge of the project. The rates given by the Contractor should cater for all these activities as well as for shop drawings. | B38: All scheduled structural steel items are to be supplied, manufactured, transported, erected, painted & finished according to the relevant specifications stated in the SANS 1200 Schedule H (1990), HA (1990), HB (1985), HC (1988), SANS 2001:CS1 2005 Edition 1 including all relevant normative references and drawings, unless otherwise stated by the Engineer in charge of the project. The rates given by the Contractor should cater for all these activities as well as for shop drawings. | C38: All scheduled structural steel items are to be supplied, manufactured, transported, erected, painted & finished according to the relevant specifications stated in the SANS 1200 Schedule H (1990), HA (1990), HB (1985), HC (1988), SANS 2001:CS1 2005 Edition 1 including all relevant normative references and drawings, unless otherwise stated by the Engineer in charge of the project. The rates given by the Contractor should cater for all these activities as well as for shop drawings. | D38: All scheduled structural steel items are to be supplied, manufactured, transported, erected, painted & finished according to the relevant specifications stated in the SANS 1200 Schedule H (1990), HA (1990), HB (1985), HC (1988), SANS 2001:CS1 2005 Edition 1 including all relevant normative references and drawings, unless otherwise stated by the Engineer in charge of the project. The rates given by the Contractor should cater for all these activities as well as for shop drawings. | E38: All scheduled structural steel items are to be supplied, manufactured, transported, erected, painted & finished according to the relevant specifications stated in the SANS 1200 Schedule H (1990), HA (1990), HB (1985), HC (1988), SANS 2001:CS1 2005 Edition 1 including all relevant normative references and drawings, unless otherwise stated by the Engineer in charge of the project. The rates given by the Contractor should cater for all these activities as well as for shop drawings. | F38: All scheduled structural steel items are to be supplied, manufactured, transported, erected, painted & finished according to the relevant specifications stated in the SANS 1200 Schedule H (1990), HA (1990), HB (1985), HC (1988), SANS 2001:CS1 2005 Edition 1 including all relevant normative references and drawings, unless otherwise stated by the Engineer in charge of the project. The rates given by the Contractor should cater for all these activities as well as for shop drawings. | G38: All scheduled structural steel items are to be supplied, manufactured, transported, erected, painted & finished according to the relevant specifications stated in the SANS 1200 Schedule H (1990), HA (1990), HB (1985), HC (1988), SANS 2001:CS1 2005 Edition 1 including all relevant normative references and drawings, unless otherwise stated by the Engineer in charge of the project. The rates given by the Contractor should cater for all these activities as well as for shop drawings.
A39: All scheduled structural steel items are to be supplied, manufactured, transported, erected, painted & finished according to the relevant specifications stated in the SANS 1200 Schedule H (1990), HA (1990), HB (1985), HC (1988), SANS 2001:CS1 2005 Edition 1 including all relevant normative references and drawings, unless otherwise stated by the Engineer in charge of the project. The rates given by the Contractor should cater for all these activities as well as for shop drawings. | B39: All scheduled structural steel items are to be supplied, manufactured, transported, erected, painted & finished according to the relevant specifications stated in the SANS 1200 Schedule H (1990), HA (1990), HB (1985), HC (1988), SANS 2001:CS1 2005 Edition 1 including all relevant normative references and drawings, unless otherwise stated by the Engineer in charge of the project. The rates given by the Contractor should cater for all these activities as well as for shop drawings. | C39: All scheduled structural steel items are to be supplied, manufactured, transported, erected, painted & finished according to the relevant specifications stated in the SANS 1200 Schedule H (1990), HA (1990), HB (1985), HC (1988), SANS 2001:CS1 2005 Edition 1 including all relevant normative references and drawings, unless otherwise stated by the Engineer in charge of the project. The rates given by the Contractor should cater for all these activities as well as for shop drawings. | D39: All scheduled structural steel items are to be supplied, manufactured, transported, erected, painted & finished according to the relevant specifications stated in the SANS 1200 Schedule H (1990), HA (1990), HB (1985), HC (1988), SANS 2001:CS1 2005 Edition 1 including all relevant normative references and drawings, unless otherwise stated by the Engineer in charge of the project. The rates given by the Contractor should cater for all these activities as well as for shop drawings. | E39: All scheduled structural steel items are to be supplied, manufactured, transported, erected, painted & finished according to the relevant specifications stated in the SANS 1200 Schedule H (1990), HA (1990), HB (1985), HC (1988), SANS 2001:CS1 2005 Edition 1 including all relevant normative references and drawings, unless otherwise stated by the Engineer in charge of the project. The rates given by the Contractor should cater for all these activities as well as for shop drawings. | F39: All scheduled structural steel items are to be supplied, manufactured, transported, erected, painted & finished according to the relevant specifications stated in the SANS 1200 Schedule H (1990), HA (1990), HB (1985), HC (1988), SANS 2001:CS1 2005 Edition 1 including all relevant normative references and drawings, unless otherwise stated by the Engineer in charge of the project. The rates given by the Contractor should cater for all these activities as well as for shop drawings. | G39: All scheduled structural steel items are to be supplied, manufactured, transported, erected, painted & finished according to the relevant specifications stated in the SANS 1200 Schedule H (1990), HA (1990), HB (1985), HC (1988), SANS 2001:CS1 2005 Edition 1 including all relevant normative references and drawings, unless otherwise stated by the Engineer in charge of the project. The rates given by the Contractor should cater for all these activities as well as for shop drawings.
A40: All scheduled structural steel items are to be supplied, manufactured, transported, erected, painted & finished according to the relevant specifications stated in the SANS 1200 Schedule H (1990), HA (1990), HB (1985), HC (1988), SANS 2001:CS1 2005 Edition 1 including all relevant normative references and drawings, unless otherwise stated by the Engineer in charge of the project. The rates given by the Contractor should cater for all these activities as well as for shop drawings. | B40: All scheduled structural steel items are to be supplied, manufactured, transported, erected, painted & finished according to the relevant specifications stated in the SANS 1200 Schedule H (1990), HA (1990), HB (1985), HC (1988), SANS 2001:CS1 2005 Edition 1 including all relevant normative references and drawings, unless otherwise stated by the Engineer in charge of the project. The rates given by the Contractor should cater for all these activities as well as for shop drawings. | C40: All scheduled structural steel items are to be supplied, manufactured, transported, erected, painted & finished according to the relevant specifications stated in the SANS 1200 Schedule H (1990), HA (1990), HB (1985), HC (1988), SANS 2001:CS1 2005 Edition 1 including all relevant normative references and drawings, unless otherwise stated by the Engineer in charge of the project. The rates given by the Contractor should cater for all these activities as well as for shop drawings. | D40: All scheduled structural steel items are to be supplied, manufactured, transported, erected, painted & finished according to the relevant specifications stated in the SANS 1200 Schedule H (1990), HA (1990), HB (1985), HC (1988), SANS 2001:CS1 2005 Edition 1 including all relevant normative references and drawings, unless otherwise stated by the Engineer in charge of the project. The rates given by the Contractor should cater for all these activities as well as for shop drawings. | E40: All scheduled structural steel items are to be supplied, manufactured, transported, erected, painted & finished according to the relevant specifications stated in the SANS 1200 Schedule H (1990), HA (1990), HB (1985), HC (1988), SANS 2001:CS1 2005 Edition 1 including all relevant normative references and drawings, unless otherwise stated by the Engineer in charge of the project. The rates given by the Contractor should cater for all these activities as well as for shop drawings. | F40: All scheduled structural steel items are to be supplied, manufactured, transported, erected, painted & finished according to the relevant specifications stated in the SANS 1200 Schedule H (1990), HA (1990), HB (1985), HC (1988), SANS 2001:CS1 2005 Edition 1 including all relevant normative references and drawings, unless otherwise stated by the Engineer in charge of the project. The rates given by the Contractor should cater for all these activities as well as for shop drawings. | G40: All scheduled structural steel items are to be supplied, manufactured, transported, erected, painted & finished according to the relevant specifications stated in the SANS 1200 Schedule H (1990), HA (1990), HB (1985), HC (1988), SANS 2001:CS1 2005 Edition 1 including all relevant normative references and drawings, unless otherwise stated by the Engineer in charge of the project. The rates given by the Contractor should cater for all these activities as well as for shop drawings.
A41: All scheduled structural steel items are to be supplied, manufactured, transported, erected, painted & finished according to the relevant specifications stated in the SANS 1200 Schedule H (1990), HA (1990), HB (1985), HC (1988), SANS 2001:CS1 2005 Edition 1 including all relevant normative references and drawings, unless otherwise stated by the Engineer in charge of the project. The rates given by the Contractor should cater for all these activities as well as for shop drawings. | B41: All scheduled structural steel items are to be supplied, manufactured, transported, erected, painted & finished according to the relevant specifications stated in the SANS 1200 Schedule H (1990), HA (1990), HB (1985), HC (1988), SANS 2001:CS1 2005 Edition 1 including all relevant normative references and drawings, unless otherwise stated by the Engineer in charge of the project. The rates given by the Contractor should cater for all these activities as well as for shop drawings. | C41: All scheduled structural steel items are to be supplied, manufactured, transported, erected, painted & finished according to the relevant specifications stated in the SANS 1200 Schedule H (1990), HA (1990), HB (1985), HC (1988), SANS 2001:CS1 2005 Edition 1 including all relevant normative references and drawings, unless otherwise stated by the Engineer in charge of the project. The rates given by the Contractor should cater for all these activities as well as for shop drawings. | D41: All scheduled structural steel items are to be supplied, manufactured, transported, erected, painted & finished according to the relevant specifications stated in the SANS 1200 Schedule H (1990), HA (1990), HB (1985), HC (1988), SANS 2001:CS1 2005 Edition 1 including all relevant normative references and drawings, unless otherwise stated by the Engineer in charge of the project. The rates given by the Contractor should cater for all these activities as well as for shop drawings. | E41: All scheduled structural steel items are to be supplied, manufactured, transported, erected, painted & finished according to the relevant specifications stated in the SANS 1200 Schedule H (1990), HA (1990), HB (1985), HC (1988), SANS 2001:CS1 2005 Edition 1 including all relevant normative references and drawings, unless otherwise stated by the Engineer in charge of the project. The rates given by the Contractor should cater for all these activities as well as for shop drawings. | F41: All scheduled structural steel items are to be supplied, manufactured, transported, erected, painted & finished according to the relevant specifications stated in the SANS 1200 Schedule H (1990), HA (1990), HB (1985), HC (1988), SANS 2001:CS1 2005 Edition 1 including all relevant normative references and drawings, unless otherwise stated by the Engineer in charge of the project. The rates given by the Contractor should cater for all these activities as well as for shop drawings. | G41: All scheduled structural steel items are to be supplied, manufactured, transported, erected, painted & finished according to the relevant specifications stated in the SANS 1200 Schedule H (1990), HA (1990), HB (1985), HC (1988), SANS 2001:CS1 2005 Edition 1 including all relevant normative references and drawings, unless otherwise stated by the Engineer in charge of the project. The rates given by the Contractor should cater for all these activities as well as for shop drawings.
A42: All scheduled structural steel items are to be supplied, manufactured, transported, erected, painted & finished according to the relevant specifications stated in the SANS 1200 Schedule H (1990), HA (1990), HB (1985), HC (1988), SANS 2001:CS1 2005 Edition 1 including all relevant normative references and drawings, unless otherwise stated by the Engineer in charge of the project. The rates given by the Contractor should cater for all these activities as well as for shop drawings. | B42: All scheduled structural steel items are to be supplied, manufactured, transported, erected, painted & finished according to the relevant specifications stated in the SANS 1200 Schedule H (1990), HA (1990), HB (1985), HC (1988), SANS 2001:CS1 2005 Edition 1 including all relevant normative references and drawings, unless otherwise stated by the Engineer in charge of the project. The rates given by the Contractor should cater for all these activities as well as for shop drawings. | C42: All scheduled structural steel items are to be supplied, manufactured, transported, erected, painted & finished according to the relevant specifications stated in the SANS 1200 Schedule H (1990), HA (1990), HB (1985), HC (1988), SANS 2001:CS1 2005 Edition 1 including all relevant normative references and drawings, unless otherwise stated by the Engineer in charge of the project. The rates given by the Contractor should cater for all these activities as well as for shop drawings. | D42: All scheduled structural steel items are to be supplied, manufactured, transported, erected, painted & finished according to the relevant specifications stated in the SANS 1200 Schedule H (1990), HA (1990), HB (1985), HC (1988), SANS 2001:CS1 2005 Edition 1 including all relevant normative references and drawings, unless otherwise stated by the Engineer in charge of the project. The rates given by the Contractor should cater for all these activities as well as for shop drawings. | E42: All scheduled structural steel items are to be supplied, manufactured, transported, erected, painted & finished according to the relevant specifications stated in the SANS 1200 Schedule H (1990), HA (1990), HB (1985), HC (1988), SANS 2001:CS1 2005 Edition 1 including all relevant normative references and drawings, unless otherwise stated by the Engineer in charge of the project. The rates given by the Contractor should cater for all these activities as well as for shop drawings. | F42: All scheduled structural steel items are to be supplied, manufactured, transported, erected, painted & finished according to the relevant specifications stated in the SANS 1200 Schedule H (1990), HA (1990), HB (1985), HC (1988), SANS 2001:CS1 2005 Edition 1 including all relevant normative references and drawings, unless otherwise stated by the Engineer in charge of the project. The rates given by the Contractor should cater for all these activities as well as for shop drawings. | G42: All scheduled structural steel items are to be supplied, manufactured, transported, erected, painted & finished according to the relevant specifications stated in the SANS 1200 Schedule H (1990), HA (1990), HB (1985), HC (1988), SANS 2001:CS1 2005 Edition 1 including all relevant normative references and drawings, unless otherwise stated by the Engineer in charge of the project. The rates given by the Contractor should cater for all these activities as well as for shop drawings.
A43: All scheduled structural steel items are to be supplied, manufactured, transported, erected, painted & finished according to the relevant specifications stated in the SANS 1200 Schedule H (1990), HA (1990), HB (1985), HC (1988), SANS 2001:CS1 2005 Edition 1 including all relevant normative references and drawings, unless otherwise stated by the Engineer in charge of the project. The rates given by the Contractor should cater for all these activities as well as for shop drawings. | B43: All scheduled structural steel items are to be supplied, manufactured, transported, erected, painted & finished according to the relevant specifications stated in the SANS 1200 Schedule H (1990), HA (1990), HB (1985), HC (1988), SANS 2001:CS1 2005 Edition 1 including all relevant normative references and drawings, unless otherwise stated by the Engineer in charge of the project. The rates given by the Contractor should cater for all these activities as well as for shop drawings. | C43: All scheduled structural steel items are to be supplied, manufactured, transported, erected, painted & finished according to the relevant specifications stated in the SANS 1200 Schedule H (1990), HA (1990), HB (1985), HC (1988), SANS 2001:CS1 2005 Edition 1 including all relevant normative references and drawings, unless otherwise stated by the Engineer in charge of the project. The rates given by the Contractor should cater for all these activities as well as for shop drawings. | D43: All scheduled structural steel items are to be supplied, manufactured, transported, erected, painted & finished according to the relevant specifications stated in the SANS 1200 Schedule H (1990), HA (1990), HB (1985), HC (1988), SANS 2001:CS1 2005 Edition 1 including all relevant normative references and drawings, unless otherwise stated by the Engineer in charge of the project. The rates given by the Contractor should cater for all these activities as well as for shop drawings. | E43: All scheduled structural steel items are to be supplied, manufactured, transported, erected, painted & finished according to the relevant specifications stated in the SANS 1200 Schedule H (1990), HA (1990), HB (1985), HC (1988), SANS 2001:CS1 2005 Edition 1 including all relevant normative references and drawings, unless otherwise stated by the Engineer in charge of the project. The rates given by the Contractor should cater for all these activities as well as for shop drawings. | F43: All scheduled structural steel items are to be supplied, manufactured, transported, erected, painted & finished according to the relevant specifications stated in the SANS 1200 Schedule H (1990), HA (1990), HB (1985), HC (1988), SANS 2001:CS1 2005 Edition 1 including all relevant normative references and drawings, unless otherwise stated by the Engineer in charge of the project. The rates given by the Contractor should cater for all these activities as well as for shop drawings. | G43: All scheduled structural steel items are to be supplied, manufactured, transported, erected, painted & finished according to the relevant specifications stated in the SANS 1200 Schedule H (1990), HA (1990), HB (1985), HC (1988), SANS 2001:CS1 2005 Edition 1 including all relevant normative references and drawings, unless otherwise stated by the Engineer in charge of the project. The rates given by the Contractor should cater for all these activities as well as for shop drawings.
A51: TOTAL BROUGHT FORWARD FROM SUMMARY (VAT Included)
A60: 1

Sheet pgp1
A1: =+works!A1 -> Kgetlengrivier | G1: =works!G1 -> 46274
A2: =+works!A2 -> Bulk Water Supply Bodorp Swartruggens
A3: =works!A3 -> Pipeline and related works
A5: Item | B5: Payment | C5: Item Description | D5: Unit | E5: Quantities | F5: Rate | G5: Amount
A6: number | B6: reference | G6: Rands.cents
B7: SANS | C7: Schedule 1
B8: 1200 | C8: Preliminary and general
A10: 1.1 | C10: Fixed charge items
A12: 1.1.1 | B12: A8.3.1 | C12: Contractual requirements affecting the Contractor | D12: Sum | E12: 1
B14: A8.3.2 | C14: The Contractor to provide the following items or as amended in the Tender Document:
A15: 1.1.2 | B15: PSA8.3.2.1a | C15: Furnished office for the Employers Agent | D15: Sum | E15: 1
A16: 1.1.3 | B16: PSA8.3.2.1c | C16: Name boards as specified in the Tender Document | D16: No | E16: 2
A17: 1.1.4 | B17: PSA8.3.2.2g | C17: Water, electricity & communications as required by The Contract | D17: Sum | E17: 1
C19: Other obligations by the Contractor :
A20: 1.1.5 | B20: A8.3.2.2a | C20: Offices & storage facilities for the Contractor | D20: Sum | E20: 1
A21: 1.1.6 | B21: A8.3.2.2b | C21: Workshops for the Contractor as required by The Contract | D21: Sum | E21: 1
A22: 1.1.7 | B22: A8.3.2.2d | C22: Living accommodations for the Contractor's personnel | D22: Sum | E22: 1
A23: 1.1.8 | B23: A8.3.2.2e | C23: Ablution & latrine facilities for the Contractor's personnel | D23: Sum | E23: 1
A24: 1.1.9 | B24: A8.3.2.2f | C24: Supply tools & equipments as required by The Contract | D24: Sum | E24: 1
A25: 1.1.10 | B25: A8.3.2.2h | C25: Deal with rain and/or ground water in all type of excavations on site as described in SANS 1 200 A section 5.5 | D25: Sum | E25: 1
A26: 1.1.11 | B26: A8.8.1 | C26: Establish access road to site where necessary | D26: Sum | E26: 1
A27: 1.1.12 | B27: A8.3.3 | C27: Other fixed charge obligations by the Contractor | D27: Sum | E27: 1
A28: 1.1.13 | B28: A8.3.4 | C28: De-establisment of site and rehabilitation | D28: Sum | E28: 1
A29: 1.1.14 | B29: PSA8.4.6.2 | C29: Security Services | D29: Sum | E29: 1
A31: 1.2 | C31: Time related items
A33: 1.2.1 | B33: A8.4.1 | C33: Contractual requirements on a time bases affecting the Contractor | D33: Sum | E33: 1
C35: The Contractor to maintain the following items or as amended in the Tender Document - for the duration of the Contract:
A36: 1.2.2 | B36: A8.4.2.1 | C36: All facilities on the site for the Employers Agent | D36: Sum | E36: 1
A37: 1.2.3 | B37: A8.4.2.2 | C37: All facilities on the site for the Contractor | D37: Sum | E37: 1
C39: Other obligations by the Contractor on a time bases for the duration of the Contract:
A40: 1.2.4 | B40: A8.4.3 | C40: Full time supervision of the site as specified in the Tender Document | D40: Sum | E40: 1
A41: 1.2.5 | B41: A8.4.4 | C41: Company & head office administration costs pertaining to the Contract | D41: Sum | E41: 1
A42: 1.2.6 | B42: A8.4.5 | C42: Other time related obligations by the Contractor including Cell phone cost incured by the engineer ons site | D42: Sum | E42: 1
A43: 1.2.7 | B43: PS26.2a | C43: Standing time cost for the construction operations in case of unrest caused by community interference | D43: Day | E43: 30
A44: 1.2.8 | B44: PS25.2 | C44: Construction Work Permit - Contractual requirements between appointment and construction dates | D44: Day | E44: 30
A46: 1.3 | C46: Provisional sums by the Engineer
A48: 1.3.1 | C48: Social fasilitator | D48: Mnth | E48: 6 | F48: 25000 | G48: =F48*E48 -> 150000
A49: 1.3.2 | C49: CLO's | D49: Mnth | E49: 6 | F49: 20000 | G49: =F49*E49 -> 120000
A50: 1.3.3 | C50: Contractor's overhead and profit on Item 1.3.1&2 | D50: % | F50: =G48+G49 -> 270000
A51: 1.3.4 | B51: PS26.2b | C51: Community interference - Compensation for materials lost | D51: Sum | E51: 1 | F51: 100000 | G51: =F51*E51 -> 100000
A52: 1.3.5 | B52: PS26.2c | C52: Community interference - Compensation for plant rental | D52: Sum | E52: 1 | F52: 250000 | G52: =F52*E52 -> 250000
A53: 1.3.6 | C53: Contractor's overhead and profit on Item 1.3.4&5 | D53: % | F53: =SUM(G51+G52) -> 350000
A56: =+'pgp2'!A64:G64 -> 3
A58: =+_xlfn.SINGLE(works!A60)+1 -> 2

Sheet pgp2
A1: =+works!A1 -> Kgetlengrivier | G1: =works!G1 -> 46274
A2: =+works!A2 -> Bulk Water Supply Bodorp Swartruggens
A3: =works!A3 -> Pipeline and related works
A5: Item | B5: Payment | C5: Item Description | D5: Unit | E5: Quantities | F5: Rate | G5: Amount
A6: number | B6: reference | G6: Rands.cents
B7: SANS | C7: Schedule 1
B8: 1200 | C8: Preliminary and general
A10: =+'pgp1'!A58:G58 -> 2
A12: 1.3.7 | C12: Acquire and register pipeline servitudes on existing properties | D12: Ha | E12: 0.682 | F12: 20000 | G12: =F12*E12 -> 13640
A13: 1.3.8 | C13: Acquire and register pipeline servitudes on private properties | D13: Ha | E13: 0.519 | F13: 20000 | G13: =F13*E13 -> 10380
A14: 1.3.9 | C14: Contractor's overhead and profit on Item 1.3.7&8 | D14: % | F14: =G12+G13 -> 24020
A15: 1.3.10 | C15: Electrical & mechanical design and related works | D15: Sum | E15: 1 | F15: 750000 | G15: =F15*E15 -> 750000
A16: 1.3.11 | C16: Contractor's overhead and profit on Item 1.3.10 | D16: % | F16: =G15 -> 750000
A17: 1.3.12 | C17: As-Built drawing, A0 Size, framed and installed in the control room | D17: Sum | E17: 1 | F17: 5000 | G17: =F17*E17 -> 5000
A18: 1.3.13 | C18: Contractor's overhead and profit on Item 1.3.12 | D18: % | F18: =G17 -> 5000
A62: =C7&" total carried to summary page" -> Schedule 1 total carried to summary page
A64: =+'pgp1'!A58:G58+1 -> 3

Sheet ohs1-S2
A1: =works!A1 -> Kgetlengrivier | G1: =works!G1 -> 46274
A2: =+works!A2 -> Bulk Water Supply Bodorp Swartruggens
A3: =works!A3 -> Pipeline and related works
A5: Item | B5: Payment | C5: Item Description | D5: Unit | E5: Quantities | F5: Rate | G5: Amount
A6: number | B6: reference | E6: tender | G6: Rands.cents
B7: SANS | C7: Schedule 2
B8: 1 200 | C8: Occupational health and safety requirements
A9: 2.1 | C9: Notification of construction work
C11: Quantities are re-measurable - proof shall be supplied by the Contractor of the quantities claimed
A12: 2.1.1 | B12: PSA8.3.5.2 | C12: Notification of Construction work to the Provincial Director as requested by the Employers Agent under the Construction Regulations of the Occupational Health & Safety (Regulation 4) Act no. 85/1993 | D12: sum | E12: 1
A14: 2.2 | C14: Health and safety plan
A16: 2.2.1 | B16: PSA8.3.5.2 | C16: Setting up a job and site specific Health and Safety Plan by the representative of the Contractor and approved by the Employers Agent as required under the Construction Regulations 2014 (Regulation 5&7) of the Occupational Health & Safety Act no. 85/1993 | D16: sum | E16: 1
A18: 2.3 | C18: Health and safety main file
A20: 2.3.1 | B20: PSA8.3.5.2 | C20: Setting up a job and site specific Health & Safety Main file as requested by the Employers Agent under the Construction Regulations 2014 (Regulation 5&7) of the Occupational Health & Safety Act no. 85/1993 | D20: sum | E20: 1
C22: NOT TO BE REMOVED FROM SITE
C23: File to be a lever arch file with original colour document of acceptable standards including dividers. Emergency telephone numbers to be displayed on back of file. The file will be expanded during the project as and when required by the Client
C24: The file to include the following:
C25: Copy of H&S Act
C26: Proof of registration with COID Insurer
C27: Notification of construction work
C28: Mandatory Agreement
C29: H&S Specifications provided by client
C30: Start-up Checklist
C31: Site Specific H&S Plan including scope of works and list of equipment
C32: Policies, Fall Protection Plan, Environment Management Plan and Traffic Management Plan
C33: Organnogramme
... C39: Medicals with Annexure 3 and ID Copies
A41: 2.4 | C41: Health & safety register file
A43: 2.4.1 | B43: PSA8.4.6.1 | C43: Setting up a job and site specific Health & Safety Register File as requested by the Employers Agent under the Construction Regulations 2014 (Regulation 5&7) of the Occupational Health & Safety Act no. 85/1993 | D43: sum | E43: 1
C44: File to be a lever arch file with original colour document of acceptable standards including dividers.
C45: NOT TO BE REMOVED FROM SITE
A48: =+'ohs2-S2'!A57:G57 -> 5
A50: =+'pgp2'!A64:G64+1 -> 4

Sheet ohs2-S2
A1: =+works!A1 -> Kgetlengrivier | G1: 45622
A2: =+works!A2 -> Bulk Water Supply Bodorp Swartruggens
A3: =works!A3 -> Pipeline and related works
A5: Item | B5: Payment | C5: Item Description | D5: Unit | E5: Quantities | F5: Rate | G5: Amount
A6: number | B6: reference | E6: tender | G6: Rands.cents
B7: SANS | C7: Schedule 2 continued
B8: 1 200 | C8: =+'ohs1-S2'!C8 -> Occupational health and safety requirements
A9: =+'ohs1-S2'!A50:G50 -> 4
C11: File to be a lever arch file with original colour document of acceptable standards including dividers.
C12: NOT TO BE REMOVED FROM SITE
C13: The file to include the following:
C14: Visitor Registers
C15: Permanent Staff on site Register
C16: Local Labourers on site
C17: Personal Protective Equipment
C18: H&S Representative Checklist
C19: First Aid Box Checklist
C20: Fire Fighting Equipment Checklist (Not for vehicles)
C21: Portable Electrical Equipment Checklist
C22: Handtools Checklist
... C31: Signage Checklist
A33: 2.5 | C33: Health & Safety training file
A35: 2.5.1 | B35: PSA8.3.5.2 | C35: Setting up a job and site specific Health & Safety Training File as requested by the Employers Agent under the Construction Regulations 2014 (Regulation 5&7) of the Occupational Health & Safety Act no. 85/1993 | D35: sum | E35: 1
C36: File to be a lever arch file with original colour document of acceptable standards including dividers.
C37: NOT TO BE REMOVED FROM SITE
C38: The file to include the following:
C39: Induction Training with Attendance Registers
C40: Toolbox Talks with Attendance Registers
C41: Safe Work Procedures and Method Statements with Attendance Registers
C42: Risk Assessments with Attendance Registers (Baseline, Issued, DSTI)
C43: Safety Meetings with Attendance Registers
A45: 2.6 | C45: Service Provider appointments
A47: 2.6.1 | B47: PSA8.3.5.2 | C47: Appoint a competent person to perform risk assessment and training on site under Construction Regulations 2014 (Regulation 5&7) of the Occupational Health & Safety Act no. 85/1993 | D47: sum | E47: 1
A49: 2.7 | C49: Training on site
A51: 2.7.1 | B51: PSA8.4.6.1 | C51: Allow for monthly salary for the H&S representative as required by law for the duration of the project to perform the following: | D51: Mth | E51: 6
C52: Induction training of all workers and workers of Sub-Contractors.
A55: =+'ohs3-S2'!A59:G59 -> 6
A57: =+'ohs1-S2'!A50:G50+1 -> 5

Sheet ohs3-S2
A1: =+works!A1 -> Kgetlengrivier | G1: =works!G1 -> 46274
A2: =+works!A2 -> Bulk Water Supply Bodorp Swartruggens
A3: =works!A3 -> Pipeline and related works
A5: Item | B5: Payment | C5: Item Description | D5: Unit | E5: Quantities | F5: Rate | G5: Amount
A6: number | B6: reference | E6: tender | G6: Rands.cents
B7: SANS | C7: =+'ohs2-S2'!C7 -> Schedule 2 continued
B8: 1 200 | C8: =+'ohs1-S2'!C8 -> Occupational health and safety requirements
A9: =+'ohs2-S2'!A57:G57 -> 5
C11: Tool box talks as required by Engineer.
C12: Awareness training of workers- First Aid, Fire Fighting and Public/Traffic Control , Community training.
C13: Keeping all safety documentation up to date.
C14: Professional/Visitor Inductions Inductions
A16: 2.8 | C16: Training off site
A18: 2.8.1 | B18: PSA8.4.6.1 | C18: Allow for training courses by accredited service providers. Contractor to allow for cost if employees do not have the required certificates. The following accredited certificates are required on site: H&S Representative , First Aider , Fire Fighter, Certificates of competance of all construction vehicle operators | D18: sum | E18: 1
C19: Training to include the following:
C20: Health and Safety Representative
C21: Risk Assessor
C22: Accident Investigator
C23: First Aider
C24: Fire Fighter
C25: Excavation Supervisor
C26: Confined Space
C27: Dangerous Goods By Road
C28: Evacuation Controller
C29: Flagman
C30: Handtools
... C49: Truck Mounted Operator
A51: 2.9 | C51: First aid equipment
A53: 2.9.1 | B53: PSA8.3.5.2 | C53: First aid box | D53: No | E53: 1
A54: 2.9.2 | C54: First aid boxes for Sub-Contractors if applicable | D54: No | E54: 1
A55: 2.9.3 | C55: OHS Regulation Posters (Basic Conditions of Employment Act, Employee Equity Act, OHS Act) | D55: No | E55: 4
A57: =+'ohs4-S2'!A60:G60 -> 7
A59: =+'ohs2-S2'!A57:G57+1 -> 6

Sheet ohs4-S2
A1: =+works!A1 -> Kgetlengrivier | G1: =works!G1 -> 46274
A2: =+works!A2 -> Bulk Water Supply Bodorp Swartruggens
A3: =works!A3 -> Pipeline and related works
A5: Item | B5: Payment | C5: Item Description | D5: Unit | E5: Quantities | F5: Rate | G5: Amount
A6: number | B6: reference | E6: tender | G6: Rands.cents
B7: SANS | C7: =+'ohs2-S2'!C7 -> Schedule 2 continued
B8: 1 200 | C8: =+'ohs1-S2'!C8 -> Occupational health and safety requirements
A9: =+'ohs3-S2'!A59:G59 -> 6
A11: 2.9.4 | C11: Labour Relations Act, (Skills Development Act, COID Act, Construction Regulations 2014 and Smoking Act) | D11: No | E11: 1
A12: 2.9.5 | B12: PSA8.3.5.2 | C12: Electrical Shock Hazard | D12: No | E12: 1
A14: 2.10 | C14: Fire fighting equipment
A16: 2.10.1 | B16: PSA8.3.5.2 | C16: Fire extinguishers - 9 kg Dry Chemical Powder | D16: No | E16: 2
A17: 2.10.2 | B17: PSA8.3.5.2 | C17: Fire extinguishers test certificate/ Service | D17: No | E17: 2
A18: 2.10.3 | B18: PSA8.3.5.2 | C18: Fire extinguishers - Construction Vehicles | D18: No | E18: 2
A19: 2.10.4 | B19: PSA8.3.5.2 | C19: Fire extinguishers - CO2 - Offices | D19: No | E19: 2
A21: 2.11 | C21: Personal protective clothing
A23: 2.11.1 | B23: PSA8.3.5.2 | C23: Cost of the following PPE as required on site, for the workers (number of each to be determined by the Tenderer) | D23: sum | E23: 1
C24: Hard hats
C25: Safety Shoes Steel poimt
C26: Dust Masks
C27: Safety Goggles
C28: Gum Boots Steel points
C29: Overalls
C30: Safety Harnesses
C31: Hard Hats Chin Straps
C32: Ear plugs/Ear muffs
C33: Reflective Vests
A35: 2.12 | C35: Chemical toilets
B37: PSA8.3.5.2 | C37: Allow for chemical toilets on site as required
A38: 2.12.1 | C38: For male workers (1 for every 15 people) | D38: sum | E38: 1
A39: 2.12.2 | C39: For female workers (1 for every 15 people) | D39: sum | E39: 1
A41: 2.13 | C41: Eating facilities
A43: 2.13.1 | B43: PSA8.3.5.2 | C43: Allow for eating facilities on site in the form of a shaded net, table and chairs | D43: sum | E43: 1
A45: 2.14 | C45: Warning & Information Signs
A47: 2.14.1 | B47: PSA8.3.5.2 | C47: Cost of supplying of signboards to be displayed on site as required | D47: sum | E47: 2
C48: SMI board
C49: No entry signs
C50: First Aid signs
C51: Fire equipment signs
C52: Warning signs (Construction work signage)
C53: Traffic control signs (Detour, speed, Heavy moving Machinery etc)
C54: Mandatory Signage
C55: SHE Rep, First Aider, Fire fighter info boards
C56: Rotating lights, Reflector Stickers and reverse siren on construction vehicles
A58: =+'ohs5-S2'!A58:G58 -> 8
A60: =+'ohs3-S2'!A59:G59+1 -> 7

Sheet ohs5-S2
A1: =+works!A1 -> Kgetlengrivier | G1: =works!G1 -> 46274
A2: =+works!A2 -> Bulk Water Supply Bodorp Swartruggens
A3: =works!A3 -> Pipeline and related works
A5: Item | B5: Payment | C5: Item Description | D5: Unit | E5: Quantities | F5: Rate | G5: Amount
A6: number | B6: reference | E6: tender | G6: Rands.cents
B7: SANS | C7: =+'ohs2-S2'!C7 -> Schedule 2 continued
B8: 1 200 | C8: =+'ohs1-S2'!C8 -> Occupational health and safety requirements
A9: =+'ohs4-S2'!A60:G60 -> 7
C11: Emergency Assembly point
C12: Delineators
C13: Scaffolding signage
A15: 2.15 | C15: Medical tests
A17: 2.15.1 | B17: PSA8.3.5.2 | C17: Allow for costs of Medical fitness tests of all Employees on site (General workers, Permanent Staff and Operators) Everyone on site working must have a valid medical certificate | D17: sum | E17: 1
A18: 2.15.2 | B18: PSA8.3.5.2 | C18: Allow for costs of Hepititus and booster injections should contact of sewage be involved
A20: 2.16 | C20: Exit medical tests
A22: 2.16.1 | B22: PSA8.3.5.2 | C22: Allow for costs of Exit Medical fitness tests of all Employees on site (General workers, Permanent Staff and Operators) if needed | D22: sum | E22: 1
A24: 2.17 | C24: Barricading & demarcation
A26: 2.17.1 | B26: C8.2.5&6 | C26: Supply, erection & maintenance of barricading with signage to protect open excavations and laydown area (1.8 m high Y standards at 3.5 m intervals with dayglo mesh) | D26: m | E26: 200
A28: 2.18 | C28: Permanent Signs in Pump Station
A30: 2.18.1 | B30: PSA8.3.5.2 | C30: Electrical Shock Hazard | D30: No
A31: 2.18.2 | B31: PSA8.3.5.2 | C31: Electrical Shock Treatment sign | D31: No
A32: 2.18.3 | B32: PSA8.3.5.2 | C32: Emergency stop signs | D32: No
A33: 2.18.4 | B33: PSA8.3.5.2 | C33: Emergency exit signs | D33: No
A34: 2.18.5 | B34: PSA8.3.5.2 | C34: Danger High Voltage | D34: No
A35: 2.18.6 | B35: PSA8.3.5.2 | C35: High Voltage lock out tagout signs | D35: No
A36: 2.18.7 | B36: PSA8.3.5.2 | C36: No Smoking signs | D36: No
A37: 2.18.8 | B37: PSA8.3.5.2 | C37: Caution Trip Hazard | D37: No
A38: 2.18.9 | B38: PSA8.3.5.2 | C38: Slipping hazard | D38: No
A39: 2.18.10 | B39: PSA8.3.5.2 | C39: Slippery when wet | D39: No
A40: 2.18.11 | B40: PSA8.3.5.2 | C40: No Entry- Authorized Persons Only | D40: No
A41: 2.18.12 | B41: PSA8.3.5.2 | C41: Fire Extinguisher signs | D41: No
A42: 2.18.13 | B42: PSA8.3.5.2 | C42: First Aid Box position sign | D42: No
A44: 2.19 | C44: Other Safety Related Items
C46: Allow for the costs of safety related items as required by Safety, Traffic and Enviromental laws | D46: sum | E46: 1
A48: 2.19.1 | B48: PSA8.3.5.2 | C48: Provide Walkways Guard Rails
A49: 2.19.2 | B49: PSA8.3.5.2 | C49: Provide Drip Trays for Spillages or leakage of Construction Vehicles
A50: 2.19.3 | B50: PSA8.3.5.2 | C50: Make provision for Access Control to entrance of Site
A51: 2.19.4 | B51: PSA8.3.5.2 | C51: Setting up Washing bay for Construction Vehicles with bunded area
A52: 2.19.5 | B52: PSA8.3.5.2 | C52: All DB Boards (Temporary/Permanent) to have Valid COC with labelling
A53: 2.19.6 | B53: PSA8.3.5.2 | C53: Allow for cost of Site Security
A54: 2.19.7 | B54: PSA8.3.5.2 | C54: Provide Parking bays for staff and visitors with signage
A56: =+'ohs6-S2'!A61:G61 -> 9
A58: =+'ohs4-S2'!A60:G60+1 -> 8

Sheet ohs6-S2
A1: =+works!A1 -> Kgetlengrivier | G1: =works!G1 -> 46274
A2: =+works!A2 -> Bulk Water Supply Bodorp Swartruggens
A3: =works!A3 -> Pipeline and related works
A5: Item | B5: Payment | C5: Item Description | D5: Unit | E5: Quantities | F5: Rate | G5: Amount
A6: number | B6: reference | E6: tender | G6: Rands.cents
B7: SANS | C7: =+'ohs2-S2'!C7 -> Schedule 2 continued
B8: 1 200 | C8: =+'ohs1-S2'!C8 -> Occupational health and safety requirements
A9: =+'ohs5-S2'!A58:G58 -> 8
A11: 2.19.8 | B11: PSA8.3.5.2 | C11: Supply and installation of Emergency Siren
A12: 2.19.9 | B12: PSA8.3.5.2 | C12: Provide the required number of Stopping blocks for Construction Vehicles
A13: 2.19.10 | B13: PSA8.3.5.2 | C13: Provide a Repair bay for Construction Vehicles with suitable chemical disposal area
A14: 2.19.11 | B14: PSA8.3.5.2 | C14: Make provision for Spill Kits as required
A15: 2.19.12 | B15: PSA8.3.5.2 | C15: Material Safety Data Information boards at chemical storage to be displayed
A16: 2.19.13 | B16: PSA8.3.5.2 | C16: For Chemical Storage provide required facilities (Lockable cages with drip trays)
A17: 2.19.14 | B17: PSA8.3.5.2 | C17: Crane Load Tests certificates
A18: 2.19.15 | B18: PSA8.3.5.2 | C18: Compressors Pressure Test certificates
A19: 2.19.16 | B19: PSA8.3.5.2 | C19: Generator Test Certificates
A20: 2.19.17 | B20: PSA8.3.5.2 | C20: Lifting equipment certificates- Warranties from Manufacturer
A21: 2.19.18 | B21: PSA8.3.5.2 | C21: Safety Harnesses - Warranties from Manufacturer
A22: 2.19.19 | B22: PSA8.3.5.2 | C22: Vehicle licences
... A26: 2.19.23 | B26: PSA8.3.5.2 | C26: Rubish removal arrangements
A59: ='ohs1-S2'!C7&" total carried to summary page" -> Schedule 2 total carried to summary page
A61: =+'ohs5-S2'!A58:G58+1 -> 9

Sheet wt1-S3
A1: =works!A1 -> Kgetlengrivier | G1: =works!G1 -> 46274
A2: =works!A2 -> Bulk Water Supply Bodorp Swartruggens
A3: =works!A3 -> Pipeline and related works
A5: Item | B5: Payment | C5: Item Description | D5: Unit | E5: Quantities | F5: Rate | G5: Amount
A6: number | B6: reference | G6: Rands.cents
B7: SANS | C7: Schedule 3
B8: 1 200 | C8: Water pipe line earthworks
C9: REFER DWG No. 20255-005-CIV-003-BWS-LLP-001-T1 (005-P1)
C10: Water trenches & related items
A12: 3.1 | C12: Site clearance
A14: 3.1.1 | B14: PSC8.2.10 | C14: General clearance - 15 m wide | D14: m² | E14: 52401
A15: 3.1.2 | B15: C8.2.10 | C15: Remove topsoil, windrow (stock pile) & replace after completion of pipeline (2m wide x 0.15m deep) | D15: m³ | E15: 1049
A16: 3.1.3 | B16: DB8.3.1b | C16: Remove trees with girth of 0.1 m up to 0,4 m girth along trench route | D16: No | E16: 2
A17: 3.1.4 | B17: DB8.3.1b | C17: Remove trees with girth of 0,4 m up to 2.0 m girth along trench route | D17: No | E17: 3
A18: 3.1.5 | B18: DB8.3.1b | C18: Remove stumps with Ø of 0.15 m up to 0.50 m along trench route | D18: No | E18: 5
A19: 3.1.6 | B19: DB8.3.1b | C19: Remove stumps with Ø of 0.50 m up to 1.00 m along trench route | D19: No | E19: 3
A21: 3.2 | C21: Trench excavations
C23: Note : All materials excavatable by 30 ton excavator will be considered as soft excavation - all others to be blasted as hard rock (item covers the cost of excavation, benching, shoring, de-watering backfill, compaction & the disposal of surplus material)
A24: 3.2.1a | B24: DB8.3.2.a | C24: From 1,0m to 1.5m deep | D24: m | E24: 700
A25: 3.2.1b | C25: From exceeding 1,5m to 2,0m deep | D25: m | E25: 2120
A26: 3.2.1c | C26: From exceeding 2,0m to 2,5m deep | D26: m | E26: 440
A27: 3.2.1d | C27: From exceeding 2,5m to 3,0m deep | D27: m | E27: 55
A28: 3.2.1e | C28: From exceeding 3,0m to 3,5m deep | D28: m | E28: 10
A29: 3.2.1f | C29: Exceeding 3,5m | D29: m | E29: 2
A30: 3.2.3 | B30: DB8.3.2.b2 | C30: Extra over for excavation in hard rock material (This is material which require blasting prior to removal) | D30: m³ | E30: 8074
A31: 3.2.4 | B31: DB8.3.2.b2 | C31: Extra over for additional deeper excavations due to unsuitable material to lay bedding upon | D31: m³ | E31: 577
A33: 3.3 | C33: Excavation ancillary items
C35: Make up deficiency in backfill material :
A36: 3.3.1 | B36: DB8.3.3.1.b | C36: From other excavations on site | D36: m³ | E36: 624
A37: 3.3.2 | B37: DB8.3.3.1.b | C37: By importation from borrowpit | D37: m³ | E37: 3120
A38: 3.3.3 | B38: DB8.3.3.1.b | C38: From commercial off site sources | D38: m³ | E38: 2496
A39: 3.3.4 | B39: DB8.3.3.2 | C39: Open up a new borrow pit if requested by the Engineer | D39: No | E39: 1
C41: Provide protection to the following services crossing the new including the scanning process
A42: 3.3.5 | B42: DB8.3.5.a | C42: Underground electrical cables, pipe & sleeves | D42: No | E42: 5
A43: 3.3.6 | B43: DB8.3.5.a | C43: Underground communication cables, pipes & sleeves | D43: No | E43: 5
A44: 3.3.7 | B44: DB8.3.5.a | C44: Small Ø water & sewer pipes (20 - 63 mm) | D44: No | E44: 5
A45: 3.3.8 | B45: DB8.3.5.a | C45: Large Ø water & sewer pipes (100 - 1000 mm) | D45: No | E45: 10
A46: 3.3.9 | B46: DB8.3.5.a | C46: Storm water pipes (450 - 600 mm Ø) | D46: No
C48: Provide protection to the following services adjoining the new including scanning process
A49: 3.3.10 | B49: DB8.3.5.a | C49: Underground electrical cables, pipe & sleeves | D49: m | E49: 30
A50: 3.3.11 | B50: DB8.3.5.a | C50: Underground communication cables, pipes & sleeves | D50: m | E50: 40
A51: 3.3.12 | B51: DB8.3.5.a | C51: Small Ø water & sewer pipes (20 - 63 mm) (stand connections) | D51: m | E51: 45
A52: 3.3.13 | B52: DB8.3.5.a | C52: Large Ø water & sewer pipes (75 - 450 mm) | D52: m | E52: 80
A53: 3.3.14 | B53: DB8.3.5.a | C53: Storm water pipes (450 - 600 mm Ø) | D53: m
A56: =+'wt2-S3'!A61:G61 -> 11
A58: =+'ohs6-S2'!A61:G61+1 -> 10

Sheet wt2-S3
A1: =works!A1 -> Kgetlengrivier | G1: =works!G1 -> 46274
A2: =works!A2 -> Bulk Water Supply Bodorp Swartruggens
A3: =works!A3 -> Pipeline and related works
A5: Item | B5: Payment | C5: Item Description | D5: Unit | E5: Quantities | F5: Rate | G5: Amount
A6: number | B6: reference | G6: Rands.cents
B7: SANS | C7: Schedule 7 continued
B8: 1 200 | C8: ='wt1-S3'!C8 -> Water pipe line earthworks
C9: ='wt1-S3'!C9 -> REFER DWG No. 20255-005-CIV-003-BWS-LLP-001-T1 (005-P1)
A10: =+'wt1-S3'!A58:G58 -> 10
C12: Reinstate road surfaces with all layer courses :
A13: 3.3.15 | B13: DB8.3.6.1.a | C13: Gravel roads and/or gravel shoulders | D13: m² | E13: 2472
A14: 3.3.16 | B14: DB8.3.6.1.a | C14: Areas other than roads with concrete, paving or bitumen finishes | D14: m²
A16: 3.4 | C16: Provision for bedding and covering
A18: 3.4.1 | B18: LB8.2.1a | C18: Class B bedding with excavated material | D18: m³ | E18: 38
A19: 3.4.2 | B19: LB8.2.1b | C19: Class B blanket with excavated material | D19: m³ | E19: 274
A20: 3.4.3 | B20: LB8.2.2.2.a | C20: Class B bedding with imported material from borrow pit, item shall include all transportation | D20: m³ | E20: 37.990181
A21: 3.4.4 | B21: LB8.2.2.2.b | C21: Class B blanket with imported material from borrow pit, item shall include all transportation | D21: m³ | E21: 273.2
A22: 3.4.5 | B22: LB8.2.2.3 | C22: 19 mm stones for bedding and/or blanket | D22: m³ | E22: 2223.5902
A23: 3.4.6 | B23: LB8.2.2.3 | C23: River sand bedding from commercial sources, item shall include all transportation | D23: m³ | E23: 645.83308
A24: 3.4.7 | B24: LB8.2.2.3 | C24: Spoil excess material within a radius of 10km as per environmental requirments and/or instructed by engineer | D24: m³ | E24: 5928
A26: 3.5 | C26: Miscellaneous items
A28: 3.5.1 | C28: Remove existing 1,8m high steel palisade fence and reinstate | D28: m | E28: 10
A29: 3.5.2 | C29: Remove existing 3,0m cattle fence and reinstate | D29: m | E29: 15
A30: 3.5.3 | C30: Re-tighten existing fence on existing poles, install two new 3m round poles with one stay on each poles complete with concrete | D30: m | E30: 100
A31: 3.5.4 | C31: Install 1,8m high temporary cattle fence during construction | D31: m | E31: 320
A32: 3.5.5 | C32: Remove fence above at 3.5.4 and install at erf 241, 249 and 250 complete poles in concrete and standards | D32: m | E32: 90
A33: 3.5.6 | C33: Relocate existing 1.2m fence to new position | D33: m | E33: 90
A59: ='wt1-S3'!C7&" total carried to summary page" -> Schedule 3 total carried to summary page
A61: =+'wt1-S3'!A58:G58+1 -> 11

Sheet Pipe Lines1 - S4
A1: =works!A1 -> Kgetlengrivier | G1: =works!G1 -> 46274
A2: =works!A2 -> Bulk Water Supply Bodorp Swartruggens
A3: =works!A3 -> Pipeline and related works
A5: Item | B5: Payment | C5: Item Description | D5: Unit | E5: Quantities | F5: Rate | G5: Amount
A6: number | B6: reference | E6: tender | G6: Rands.cents
B7: SANS | C7: Schedule 4
B8: 1 200 | C8: Pipe Line - Ø 250mm
C9: REFER DWG No. 20255-005-CIV-003-BWS-LLP-001-T1 (005-P1)
C10: Water pipes & related items
A12: 4.1 | C12: Water pipes
C14: Supply pipes (for protection & specification see tender document & drawings), including manufacture,quality control tests, delivery to site, stacking on site, installation, field joint and field tests
A16: 4.1.1 | B16: L8.2.2 | C16: Ø 250mm uPVC Class 12 Pipe | D16: m | E16: 3327
A18: 4.2 | C18: Water pipe specials and fittings
C20: Supply & install the following 250 mm Ø PVC-O water pipe 12,5Bar accessories with couplings
A22: 4.2.5 | B22: L8.2.2 | C22: 250 mm Ø pipe x 90° socket end PVC-O bend | D22: No | E22: 3
A23: 4.2.6 | B23: L8.2.2 | C23: 250 mm Ø pipe x 45° socket end PVC-O bend | D23: No | E23: 4
A24: 4.2.7 | B24: L8.2.2 | C24: 250 mm Ø pipe x 22,5° socket end PVC-O bend | D24: No | E24: 13
A25: 4.2.8 | B25: L8.2.2 | C25: 250 mm Ø pipe x 11,25° socket end PVC-O bend | D25: No | E25: 13
A27: 4.3 | C27: River Crossing
A29: 4.3.1 | B29: G8.4.2 | C29: 50 mm blinding layer under floor slab | D29: m² | E29: 59
A30: 4.3.2 | B30: G8.4.3 | C30: Pipe encasement cast from 25MPa concrete | D30: m3 | E30: 47
A31: 4.3.3 | B31: G8.3.1 | C31: High tensile reinforcement | D31: t | E31: 1.8
A32: 4.3.4 | B32: G8.2.2 | C32: Uniform wood float finish | D32: m² | E32: 97
A33: 4.3.5 | B33: G8.2.3 | C33: Smooth vertical form work | D33: m² | E33: 49
A34: 4.3.6 | B34: DK8.2.2 | C34: Gabion mattress mesh type 60 with 2.2 mm Class A wires (size : 6000 mm x 2000 mm x 300 mm ) | D34: m² | E34: 414
A35: 4.3.7 | B35: DK8.2.3 | C35: Rock fill with 100 mm - 150 mm stone fo river bed mattresses | D35: m³ | E35: 125
A36: 4.3.8 | C36: Geotextile A2 below gabion mattresses | D36: m² | E36: 414
A38: 4.4 | C38: Railway Bridge Crossing
C40: Supply & install the following pipe items PN16, Grade B steel unless otherwise noted:
C41: Pipe items to include complete installation kit, i.e. bolts, nuts, washers, gaskets, grease, denso mastic tape, sealant at puddle flanges etc
A42: 4.4.1 | C42: Steel pipe support brackets complete with chemical anchor bolts, nuts, straps and conveyor strip . All steel items to be hot dipped galvanised except where otherwise specified. | D42: No | E42: 8
A43: 4.4.2 | B43: L8.2.2 | C43: Item 1 - Ø 250mm Mild steel to uPVC flange adaptor | D43: No | E43: 2
A44: 4.4.3 | B44: L8.2.2 | C44: Item 2 - Ø 250mm flanged mild steel long radius bend - 11,25° | D44: No | E44: 1
A45: 4.4.4 | B45: L8.2.2 | C45: Item 3 - Ø 250mm flanged mild steel long radius bend - 22,5° | D45: No | E45: 3
A46: 4.4.5 | B46: L8.2.2 | C46: Item 4 - Ø 250mm flanged Mild steel pipe | D46: No | E46: 1
A47: 4.4.6 | B47: L8.2.2 | C47: Item 5 - Ø 250mm flanged Mild steel pipe | D47: No | E47: 7
A48: 4.4.7 | B48: L8.2.3 | C48: Item 6 - Ø 250mm flanged Mild steel pipe | D48: No | E48: 1
A56: =+'Pipe Lines2 - S4'!A58:G58 -> 13
A58: =+'wt2-S3'!A61:G61+1 -> 12

Sheet Pipe Lines2 - S4
A1: =works!A1 -> Kgetlengrivier | G1: =works!G1 -> 46274
A2: =works!A2 -> Bulk Water Supply Bodorp Swartruggens
A3: =works!A3 -> Pipeline and related works
A5: Item | B5: Payment | C5: Item Description | D5: Unit | E5: Quantities | F5: Rate | G5: Amount
A6: number | B6: reference | E6: tender | G6: Rands.cents
B7: SANS | C7: Schedule 4 continued
B8: 1 200 | C8: ='Pipe Lines1 - S4'!C8 -> Pipe Line - Ø 250mm
C9: REFER DWG No. 20243-D-005-LP-001&2 and LLP-001 to 004
A10: =+'Pipe Lines1 - S4'!A58:G58 -> 12
A12: 4.5 | C12: Miscellaneous items
A14: 4.5.1 | C14: Supply & install pipe line markers | D14: No | E14: 17
A15: 4.5.2 | B15: L8.2.11 | C15: Construct horizontal anchor trust blocks 15 MPa concrete | D15: m³ | E15: 181
A16: 4.5.3 | B16: PS22.2.1 | C16: Water for testing, disinfection and filling of the pipeline | D16: m³ | E16: 2164
A17: 4.5.4 | B17: PS22.2.1 | C17: Disinfection of pipeline and elevated tanks with calcium hypochlorite | D17: kg | E17: 432.8
C19: Bo-Dorp Tanks Location
A21: 4.5.5 | C21: Expose existing pipework, disconnect existing inlet and connect new pipeline | D21: Sum | E21: 1
A22: 4.5.6 | C22: Install new 150mm galvanised steel overflow pipe | D22: m
A23: 4.5.7 | C23: Install new 160mm uPVC Class 9 pipeline as overflow from the old tank to daylight elsewhere | D23: m | E23: 40
A24: 4.5.8 | C24: Supply and install a Telemetry system for both tanks | D24: Sum | E24: 1
A25: 4.5.9 | C25: Repair leaks on existing new tank | D25: Sum | E25: 1
A26: 4.5.10 | C26: Install new security fence with a 6m wide lockable gate | D26: m | E26: 150
C28: Water Treatment Works Location
A30: 4.5.11 | C30: Expose existing pipework to the old elevated tank and discontinue pipeline. | D30: Sum | E30: 1
A31: 4.5.12 | C31: Dismantle old elevated tank complete with columns and dispose | D31: Sum | E31: 1
A32: 4.5.13 | C32: Replace pump at filters - 3 Phase motor: Type -HM3T-180M-B3, KW-18.5-S1, AMPS-33.5, V-400/690, r/min-1470, Hz-50 | D32: No | E32: 1
A33: 4.5.14 | C33: Replace pumps at Bo-Dorp pumping station - KSB type with Motor 15kW, Coupling and base plate complete - Etanorm 080-065-160 GG 10 BG, Duty point of 94,2m³/h at 34,6m | D33: No | E33: 2
A34: 4.5.15 | C34: Replace pumps at Borrolelo pumping station - 3 Phase induction motor: Type -Y2 180M-2, KW-22, HP-30, A-41, V-380, r/min-2940, Hz-50 | D34: No | E34: 1
A35: 4.5.16 | C35: Replace pumps to elevated tank - Similar as per existing with 25m Head, 8.5Kw motor | D35: No | E35: 2
A36: 4.5.17 | C36: Construction of new brick pumping station complete with louvers, steel doors with louvers. Roof sheeting IBR 0,85mm. Including pipe works | D36: m² | E36: 18
A37: 4.5.18 | C37: Pipeworks to new pumping station | D37: Sum | E37: 1
C39: Wimpy Connection
A41: 4.5.19 | C41: Remove existing booster pumps and hand over to Client | D41: No | E41: 2
A56: ='Pipe Lines1 - S4'!C7& " total carried to summary page" -> Schedule 4 total carried to summary page
A58: =+'Pipe Lines1 - S4'!A58:G58+1 -> 13

Sheet AVC1-S5
A1: =works!A1 -> Kgetlengrivier | G1: =works!G1 -> 46274
A2: =+works!A2 -> Bulk Water Supply Bodorp Swartruggens
A3: =works!A3 -> Pipeline and related works
A5: Item | B5: Payment | C5: Item Description | D5: Unit | E5: Quantities | F5: Rate | G5: Amount
A6: number | B6: reference | E6: tender | G6: Rands.cents
B7: SANS | C7: Schedule 5
B8: 1 200 | C8: Air Valve Chamber on Ø 250mm pipe line
C9: REFER DWG No. 20255-005-N2-STR-003-AVC-DET-001 (-003)
C10: 5
A12: 5.1 | C12: Earthworks
C14: Note : all excavations other than rock requiring blasting will be considered as soft excavation. Supply, install/construct the following items :
A15: 5.1.1 | B15: D8.3.2a | C15: Excavate in bulk, dispose of surplus and unsuitable material | D15: m³ | E15: 110
A16: 5.1.2 | B16: D8.3.5 | C16: Extra over excavation for working space | D16: m³ | E16: 25
A17: 5.1.3 | B17: D8.3.2.(b)2 | C17: Extra over for excavation in hard rock material | D17: m³ | E17: 77
A18: 5.1.4 | B18: D8.3.2.(b)3 | C18: Extra over for excavation in boulder material | D18: m³ | E18: 4
A19: 5.1.5 | B19: ME8.3.1 | C19: Backfill imported G5 natural gravel material compacted to 95% MOD AASHTO density | D19: m³ | E19: 11
A21: 5.2 | C21: Concrete & related items
C23: Supply, install/construct the following items :
A24: 5.2.1 | B24: G8.4.2 | C24: 50 mm blinding layer under floor slab | D24: m² | E24: 37
A25: 5.2.2 | B25: G8.4.3 | C25: 300 mm thick floor slab cast from 30MPa concrete | D25: m3 | E25: 11
A26: 5.2.3 | B26: G8.4.3 | C26: 150mm roof slab cast from 30MPa concrete - Precast | D26: m3 | E26: 3
A27: 5.2.4 | B27: G8.4.3 | C27: Rocla manhole ND1950 - 1000mm ring with OEM Rungs | D27: No | E27: 15
A28: 5.2.5 | B28: G8.4.4 | C28: Rocla manhole ND1950 - 500mm ring | D28: No
A30: 5.3 | C30: Reinforcement
A32: 5.3.1 | B32: G8.3.1 | C32: High tensile reinforcement | D32: t | E32: 2
A34: 5.4 | C34: Form work
A36: 5.4.1 | B36: G8.2.2 | C36: Uniform wood float finish | D36: m² | E36: 37
A37: 5.4.2 | B37: G8.2.3 | C37: Narrow widths up to 300mm | D37: m | E37: 14
A38: 5.4.3 | B38: G8.2.2 | C38: Chamfer concrete edges | D38: m | E38: 70
A40: 5.5 | C40: Miscellaneous items
C42: Air vent
C43: All mild steel plates & pipes are to be hot dip galvanized
A44: 5.5.1 | B44: H8.3.1 & 3 | C44: 100 mm Ø plain m/s air vent with wall thickness on 4.5 mm complete as per drawing specification | D44: No | E44: 5
C46: Manhole lid
A47: 5.5.2 | B47: H8.3.1 & 3 | C47: Fibrerite type locable manhole cover or approved similar - Ø 600mm | D47: No | E47: 5
A48: 5.5.2 | B48: H8.3.1 & 3 | C48: Concrete manhole cover - Ø 700mm - Pre-Cast | D48: No | E48: 5
C50: Drainage of chamber
A51: 5.5.3 | B51: G8.2.6 | C51: Fill chamber area with 150mm of 19 mm washed crushed stone | D51: m³ | E51: 5
A52: 5.5.4 | B52: L8.2.2 | C52: 110 mm Ø u-PVC pipe installed as drain | D52: m | E52: 30
C54: Concrete protection and sealing
A55: 5.5.5 | B55: G8.2.6 | C55: Penetron - Penebar SW-55 or approved similar | D55: m | E55: 62
A59: =+'AVC2-S5'!A60:G60 -> 15
A61: =+'Pipe Lines2 - S4'!A58:G58+1 -> 14

Sheet AVC2-S5
A1: =works!A1 -> Kgetlengrivier | G1: =works!G1 -> 46274
A2: =+works!A2 -> Bulk Water Supply Bodorp Swartruggens
A3: =works!A3 -> Pipeline and related works
A5: Item | B5: Payment | C5: Item Description | D5: Unit | E5: Quantities | F5: Rate | G5: Amount
A6: number | B6: reference | E6: tender | G6: Rands.cents
B7: SANS | C7: Schedule 5 continued
B8: 1 200 | C8: =+'AVC1-S5'!C8 -> Air Valve Chamber on Ø 250mm pipe line
C9: ='AVC1-S5'!C9 -> REFER DWG No. 20255-005-N2-STR-003-AVC-DET-001 (-003)
A10: =+'AVC1-S5'!A61:G61 -> 14
A12: 5.5.6 | B12: G8.2.6 | C12: Biduprime sealant | D12: m² | E12: 32
A14: 5.6 | C14: Air Valve Item Schedule
C16: Supply & install the following pipe items PN16, Grade B steel unless otherwise noted:
C17: Pipe items to include complete installation kit, i.e. bolts, nuts, washers, gaskets, grease, denso mastic tape, sealant at puddle flanges etc
A18: 5.6.1 | B18: L8.2.2 | C18: Item P01 - Ø 250mm Mild steel to uPVC adaptor | D18: No | E18: 10
A19: 5.6.2 | B19: L8.2.2 | C19: Item P02 - Ø 250mm flanged Mild steel pipe | D19: No | E19: 10
A20: 5.6.3 | B20: L8.2.2 | C20: Item P03 - Ø 250mm flanged Mild steel T-Piece, with a Ø 150mm flanged branch pipe with collar plate | D20: No | E20: 5
A21: 5.6.4 | B21: L8.2.2 | C21: Item P04 - Ø 80mm flanged Mild steel flanged pipe - one end flange to suit Ø 150mm pipe | D21: No | E21: 5
A22: 5.6.5 | B22: L8.2.2 | C22: Item P05 - Ø 50mm DVD wedge gate valve with hand wheel or approved similar | D22: No | E22: 5
A23: 5.6.6 | B23: L8.2.2 | C23: Item P06 - Ø 50mm Vent-o-Mat RBX double orifice air valve with anti shock orifice mechanism | D23: No | E23: 5
A24: 5.6.7 | B24: L8.2.3 | C24: Item 5 - Ø 50mm x 6m uPVC drainage pipe | D24: No | E24: 5
A58: ='AVC1-S5'!C7& " total carried to summary page" -> Schedule 5 total carried to summary page
A60: =+'AVC1-S5'!A61:G61+1 -> 15

Sheet SSC-S6
A1: =works!A1 -> Kgetlengrivier | G1: =works!G1 -> 46274
A2: =+works!A2 -> Bulk Water Supply Bodorp Swartruggens
A3: =works!A3 -> Pipeline and related works
A5: Item | B5: Payment | C5: Item Description | D5: Unit | E5: Quantities | F5: Rate | G5: Amount
A6: number | B6: reference | E6: tender | G6: Rands.cents
B7: SANS | C7: Schedule 6
B8: 1 200 | C8: Single scour valve on Ø 250mm pipe line
C9: DWG No. 20255-005-N2-STR-003-SSV-DET-001
C10: 4
A12: 6.1 | C12: Earthworks
C14: Note : all excavations other than rock requiring blasting will be considered as soft excavation. Supply, install/construct the following items :
A15: 6.1.1 | B15: D8.3.2a | C15: Excavate in bulk, dispose of surplus and unsuitable material | D15: m³ | E15: 49
A16: 6.1.3 | B16: D8.3.2.(b)2 | C16: Extra over for excavation in hard rock material | D16: m³ | E16: 35
A17: 6.1.4 | B17: D8.3.2.(b)3 | C17: Extra over for excavation in boulder material | D17: m³ | E17: 2
A18: 6.1.5 | B18: ME8.3.1 | C18: Backfill from imported G5 natural gravel material compacted to 95% MOD AASHTO density | D18: m³ | E18: 47
A20: 6.2 | C20: Concrete & related items
C22: Supply, install/construct the following items :
A23: 6.2.1 | B23: G8.4.3 | C23: Blinding - 50mm | D23: m² | E23: 68
A24: 6.2.2 | B24: G8.4.3 | C24: Elements cast from 30MPa concrete | D24: m3 | E24: 18
A26: 6.3 | C26: Reinforcement
A28: 6.3.1 | B28: G8.3.1 | C28: Mesh Ref. 245 reinforcement | D28: m² | E28: 68
A30: 6.4 | C30: Form work
A32: 6.4.1 | B32: G8.2.2 | C32: Uniform wood float finish | D32: m² | E32: 68
A33: 6.4.2 | B33: G8.2.3 | C33: Narrow widths up to 300mm | D33: m | E33: 63
A34: 6.4.3 | B34: G8.2.3 | C34: Rough vertical form work | D34: m² | E34: 18
A35: 6.4.4 | B35: G8.2.2 | C35: Chamfer concrete edges | D35: m | E35: 59
A37: 6.5 | C37: Single Scour Item Schedule
C39: Supply & install the following pipe items PN16 rated:
C40: Pipe items to include complete installation kit, i.e. bolts, nuts, washers, gaskets, grease, denso mastic tape etc
A41: 6.5.1 | B41: L8.2.2 | C41: Item 1 - Ø 250mm mild steel flanged pipe with a Ø 100mm mild steel flanged excentric T-piece with a 10mm collar plate | D41: No | E41: 4
A42: 6.5.2 | B42: L8.2.2 | C42: Item 2 - Ø 100mm flanged mild steel pipe | D42: No | E42: 8
A43: 6.5.3 | B43: L8.2.2 | C43: Item 3 - DN 100mm AVK Resilient seal valve (RSV) or approved similar, with hand wheel and stem | D43: No | E43: 4
A44: 6.5.4 | B44: L8.2.2 | C44: Item 4 - Ø 100mm flanged mild steel long radius bend - 45° | D44: No | E44: 4
A45: 6.5.5 | B45: L8.2.2 | C45: Item 5 - Ø 100mm flanged mild steel pipe | D45: No | E45: 4
A46: 6.5.6 | B46: L8.2.2 | C46: Item 6 - Galvanised blank flange drilled with 10mm holes to suit Ø 100mm pipe | D46: No | E46: 4
A47: 6.5.7 | B47: L8.2.2 | C47: Item 7 - Ø 250mm Mild steel to uPVC adaptor | D47: No | E47: 4
A48: 6.5.8 | B48: L8.2.2 | C48: Item 8 - Old Castle Precast F08 Box 09 | D48: No | E48: 4
A49: 6.5.9 | B49: L8.2.2 | C49: Item 9 - Ø 160mm uPVC Class 9 sleeve pipe | D49: m | E49: 4
A51: 6.6 | C51: Miscellaneous items
C53: Erosion protection
A54: 6.6.1 | B54: DK8.2.2 | C54: Gabion mattress mesh type 60 with 2.2 mm Class A wires | D54: No | E54: 4
A55: 6.6.2 | B55: DK8.2.3 | C55: Geotextile A2 below gabion mattress | D55: m² | E55: 16
A56: 6.6.3 | B56: DK8.2.3 | C56: Rock fill with 100 mm - 150 mm stone for river bed mattresses | D56: m³ | E56: 5
A59: =C7& " total carried to summary page" -> Schedule 6 total carried to summary page
A61: =+'AVC2-S5'!A60:G60+1 -> 16

Sheet DSC1-S7
A1: =works!A1 -> Kgetlengrivier | G1: =works!G1 -> 46274
A2: =+works!A2 -> Bulk Water Supply Bodorp Swartruggens
A3: =works!A3 -> Pipeline and related works
A5: Item | B5: Payment | C5: Item Description | D5: Unit | E5: Quantities | F5: Rate | G5: Amount
A6: number | B6: reference | E6: tender | G6: Rands.cents
B7: SANS | C7: Schedule 7
B8: 1 200 | C8: Double scour valve on Ø 250mm pipe line
C9: REFER DWG No. 20255-005-CIV-003-DSW-DET-001 (-006)
C10: 1
A12: 7.1 | C12: Earthworks
C14: Note : all excavations other than rock requiring blasting will be considered as soft excavation. Supply, install/construct the following items :
A15: 7.1.1 | B15: D8.3.2a | C15: Excavate in bulk, dispose of surplus and unsuitable material | D15: m³ | E15: 162
A16: 7.1.2 | B16: D8.3.2.b2 | C16: Extra over for excavation in hard rock material | D16: m³ | E16: 114
A17: 7.1.3 | B17: D8.3.2.b3 | C17: Extra over for excavation in boulder material | D17: m³ | E17: 9
A18: 7.1.4 | B18: ME8.3.1 | C18: In-Situ material compacted to 95% MOD AASHTO density | D18: m³ | E18: 9
A19: 7.1.5 | B19: DM8.3.4 | C19: Backfill excavated material around structure in 150 mm layer after airvalve chamber is completed with compaction to 93% Mod AASHTO density | D19: m³ | E19: 112
A21: 7.2 | C21: Concrete & related items
C23: Supply, install/construct the following items :
A24: 7.2.1 | B24: G8.4.2 | C24: 50 mm blinding layer below slabs | D24: m² | E24: 41
A25: 7.2.2 | B25: G8.4.3 | C25: Floor, walls, roof and pipe supports cast from 30 MPa concrete | D25: m3 | E25: 90
A27: 7.3 | C27: Reinforcement
A29: 7.3.1 | B29: G8.3.1 | C29: High tensile reinforcement | D29: t | E29: 9
A31: 7.4 | C31: Form work
A33: 7.4.1 | B33: G8.2.2 | C33: Uniform wood float finish | D33: m² | E33: 73
A34: 7.4.2 | B34: G8.2.3 | C34: Smooth vertical form work | D34: m² | E34: 114
A35: 7.4.2 | B35: G8.2.3 | C35: Smooth horizontal form work | D35: m² | E35: 12
A36: 7.4.3 | B36: G8.2.2 | C36: Chamfer concrete edges | D36: m | E36: 35
A38: 7.5 | C38: Miscellaneous items
C40: Air vent
C41: All mild steel plates & pipes are to be hot dip galvanized
A42: 7.5.1 | B42: H8.3.1 & 3 | C42: 100 mm Ø plain m/s air vent with wall thickness on 4.5 mm complete | D42: No | E42: 2
C44: Manhole lid
A45: 7.5.2 | B45: H8.3.1 & 3 | C45: Fiberite type locable manhole lid or approved similar - 900x750mm | D45: No | E45: 1
A46: 7.5.3 | B46: H8.3.1 & 3 | C46: Concrete manhole chamber | D46: No | E46: 1
C48: Drainage of chamber
A49: 7.5.4 | B49: G8.2.6 | C49: Fill chamber with 19 mm by 150mm deep washed crushed stone | D49: m³ | E49: 5
A50: 7.5.5 | C50: 110 mm Ø u-PVC pipe installed as drain | D50: m | E50: 6
A51: 7.5.6 | B51: H8.3.1 & 3 | C51: GRP chamber overflow grid - 25mm | D51: Sum | E51: 1
C53: Ladder
A54: 7.5.7 | C54: Access ladder complete Fiberite type or approved similar | D54: No | E54: 2
A59: =+'DSC2-S7'!A59:G59 -> 18
A61: =+'SSC-S6'!A61:G61+1 -> 17

Sheet DSC2-S7
A1: =works!A1 -> Kgetlengrivier | G1: =works!G1 -> 46274
A2: =+works!A2 -> Bulk Water Supply Bodorp Swartruggens
A3: =works!A3 -> Pipeline and related works
A5: Item | B5: Payment | C5: Item Description | D5: Unit | E5: Quantities | F5: Rate | G5: Amount
A6: number | B6: reference | E6: tender | G6: Rands.cents
B7: SANS | C7: Schedule 7 continued
B8: 1 200 | C8: =+'DSC1-S7'!C8 -> Double scour valve on Ø 250mm pipe line
C9: =+'DSC1-S7'!C9 -> REFER DWG No. 20255-005-CIV-003-DSW-DET-001 (-006)
A10: =+'DSC1-S7'!A61:G61 -> 17
C12: Erosion protection
A13: 7.5.8 | B13: DK8.2.2 | C13: Gabion mattress mesh type 60 with 2.2 mm Class A wires (size : 6000 mm x 2000 mm x 300 mm ) | D13: m² | E13: 15
A14: 7.5.9 | B14: DK8.2.3 | C14: Rock fill with 100 mm - 150 mm stone fo river bed mattresses | D14: m³ | E14: 5
A15: 7.5.10 | C15: Geotextile A2 below gabion mattresses | D15: m² | E15: 15
C17: Concrete protection and sealing
A18: 7.5.11 | B18: G8.2.6 | C18: Penetron - Penebar SW-55 or approved similar | D18: m | E18: 28
A19: 7.5.12 | B19: G8.2.6 | C19: Biduprime sealant | D19: m² | E19: 72
A21: 7.6 | C21: Double Scour Item Schedule
C23: Supply & install the following pipe items PN16 rated Grade B steel:
C24: Pipe items to include complete installation kit, i.e. bolts, nuts, washers, gaskets, grease, denso mastic tape, sealant at puddle flanges etc
A25: 7.6.1 | B25: L8.2.2 | C25: Item 1 - Ø 250mm equal T-piece with puddle flange at plain end and flanged at other ends. Ø 100mm flanged sweep tee, 10mm crotch plate | D25: no | E25: 2
A26: 7.6.2 | B26: L8.2.2 | C26: Item 2 - Ø 250mm dismantling joint, complete with restraining flange and tie rods | D26: no | E26: 1
A27: 7.6.3 | B27: L8.2.2 | C27: Item 3 - Ø 250mm NRS wedge gate valve with hand wheel or approved similar | D27: No | E27: 1
A28: 7.6.4 | B28: L8.2.3 | C28: Item 4 - Ø 250mm flanged MS pipe | D28: no | E28: 1
A29: 7.6.5 | B29: L8.2.2 | C29: Item 5 - Ø 50mm flanged MS pipe - one end to suit Ø 250mm pipe | D29: no | E29: 2
A30: 7.6.6 | B30: L8.2.2 | C30: Item 6 - Ø 50mm NRS wedge gate valve with hand wheel or approved similar | D30: No | E30: 2
A31: 7.6.7 | B31: L8.2.2 | C31: Item 7 - Ø 50mm Vent-o-Mat RBX double orifice air valve with anti shock orifice mechanism | D31: No | E31: 2
A32: 7.6.8 | B32: L8.2.3 | C32: Item 8 - Ø 100mm flanged MS pipe | D32: no | E32: 2
A33: 7.6.9 | B33: L8.2.3 | C33: Item 9 - Ø 100mm flanged equal T-piece | D33: no | E33: 2
A34: 7.6.10 | B34: L8.2.2 | C34: Item 10 - Ø 100mm NRS wedge gate valve with hand wheel or approved similar | D34: No | E34: 3
A35: 7.6.11 | B35: L8.2.2 | C35: Item 11 - Ø 100mm dismantling joint, complete with restraining flange and tie rods | D35: no | E35: 3
A36: 7.6.12 | B36: L8.2.3 | C36: Item 12 - Ø 100mm flanged MS pipe | D36: no | E36: 2
... A38: 7.6.14 | B38: L8.2.2 | C38: Item 14 - Ø 250mm Mild steel to uPVC adaptor | D38: No | E38: 2
A57: ='DSC1-S7'!C7& " total carried to summary page" -> Schedule 7 total carried to summary page
A59: =+'DSC1-S7'!A61:G61+1 -> 18

Sheet NRVC1-S8
A1: =works!A1 -> Kgetlengrivier | G1: =works!G1 -> 46274
A2: =+works!A2 -> Bulk Water Supply Bodorp Swartruggens
A3: =works!A3 -> Pipeline and related works
A5: Item | B5: Payment | C5: Item Description | D5: Unit | E5: Quantities | F5: Rate | G5: Amount
A6: number | B6: reference | E6: tender | G6: Rands.cents
B7: SANS | C7: Schedule 8
B8: 1 200 | C8: Non-Return Valve Chamber on Ø 250mm pipe line
C9: REFER DWG No. 20255-005-N2-STR-003-NRV-DET-001 (-003)
C10: 1
A12: 8.1 | C12: Earthworks
C14: Note : all excavations other than rock requiring blasting will be considered as soft excavation. Supply, install/construct the following items :
A15: 8.1.1 | B15: D8.3.2a | C15: Excavate in bulk, dispose of surplus and unsuitable material | D15: m³ | E15: 22
A16: 8.1.2 | B16: D8.3.5 | C16: Extra over excavation for working space | D16: m³ | E16: 4
A17: 8.1.3 | B17: D8.3.2.(b)2 | C17: Extra over for excavation in hard rock material | D17: m³ | E17: 3
A18: 8.1.4 | B18: D8.3.2.(b)3 | C18: Extra over for excavation in boulder material | D18: m³ | E18: 1
A19: 8.1.5 | B19: ME8.3.1 | C19: Backfill imported G5 natural gravel material compacted to 95% MOD AASHTO density | D19: m³ | E19: 3
A21: 8.2 | C21: Concrete & related items
C23: Supply, install/construct the following items :
A24: 8.2.1 | B24: G8.4.2 | C24: 50 mm blinding layer under floor slab | D24: m² | E24: 8
A25: 8.2.2 | B25: G8.4.3 | C25: 300 mm thick floor slab cast from 30MPa concrete | D25: m3 | E25: 3
A26: 8.2.3 | B26: G8.4.3 | C26: 150mm roof slab cast from 30MPa concrete - Precast | D26: m3 | E26: 1
A27: 8.2.4 | B27: G8.4.3 | C27: Rocla manhole ND1950 - 1000mm ring with OEM Rungs | D27: No | E27: 3
A28: 8.2.5 | B28: G8.4.4 | C28: Rocla manhole ND1950 - 500mm ring | D28: No
A30: 8.3 | C30: Reinforcement
A32: 8.3.1 | B32: G8.3.1 | C32: High tensile reinforcement | D32: t | E32: 1
A34: 8.4 | C34: Form work
A36: 8.4.1 | B36: G8.2.2 | C36: Uniform wood float finish | D36: m² | E36: 8
A37: 8.4.2 | B37: G8.2.3 | C37: Narrow widths up to 300mm | D37: m | E37: 3
A38: 8.4.3 | B38: G8.2.2 | C38: Chamfer concrete edges | D38: m | E38: 14
A40: 8.5 | C40: Miscellaneous items
C42: Air vent
C43: All mild steel plates & pipes are to be hot dip galvanized
A44: 8.8.1 | B44: H8.3.1 & 3 | C44: 100 mm Ø plain m/s air vent with wall thickness on 4.5 mm complete as per drawing specification | D44: No | E44: 1
C46: Manhole lid
A47: 8.8.2 | B47: H8.3.1 & 3 | C47: Fibrerite type locable manhole cover or approved similar - Ø 600mm | D47: No | E47: 1
A48: 8.8.2 | B48: H8.3.1 & 3 | C48: Concrete manhole cover - Ø 700mm - Pre-Cast | D48: No | E48: 1
C50: Drainage of chamber
A51: 8.8.3 | B51: G8.2.6 | C51: Fill chamber area with 150mm of 19 mm washed crushed stone | D51: m³ | E51: 1
A52: 8.8.4 | B52: L8.2.2 | C52: 110 mm Ø u-PVC pipe installed as drain | D52: m | E52: 6
C54: Concrete protection and sealing
A55: 8.8.5 | B55: G8.2.6 | C55: Penetron - Penebar SW-55 or approved similar | D55: m | E55: 14
A59: =+'NRVC2-S8'!A63:G63 -> 20
A61: =+'DSC2-S7'!A59:G59+1 -> 19

Sheet NRVC2-S8
A1: =works!A1 -> Kgetlengrivier | G1: =works!G1 -> 46274
A2: =+works!A2 -> Bulk Water Supply Bodorp Swartruggens
A3: =works!A3 -> Pipeline and related works
A5: Item | B5: Payment | C5: Item Description | D5: Unit | E5: Quantities | F5: Rate | G5: Amount
A6: number | B6: reference | E6: tender | G6: Rands.cents
B7: SANS | C7: Schedule 8 continued
B8: 1 200 | C8: =+'NRVC1-S8'!C8 -> Non-Return Valve Chamber on Ø 250mm pipe line
C9: ='NRVC1-S8'!C9 -> REFER DWG No. 20255-005-N2-STR-003-NRV-DET-001 (-003)
A10: =+'NRVC1-S8'!A61:G61 -> 19
A12: 8.5.6 | B12: G8.2.6 | C12: Biduprime sealant | D12: m² | E12: 7
A14: 8.6 | C14: Non-return Valve Item Schedule
C16: Supply & install the following pipe items PN16, Grade B steel unless otherwise noted:
C17: Pipe items to include complete installation kit, i.e. bolts, nuts, washers, gaskets, grease, denso mastic tape, sealant at puddle flanges etc
A18: 8.6.1 | B18: L8.2.2 | C18: Item P01 - Ø 250mm Mild steel to uPVC adaptor | D18: No | E18: 2
A19: 8.6.2 | B19: L8.2.2 | C19: Item P02 - Ø 250mm flanged Mild steel pipe | D19: No | E19: 2
A20: 8.6.3 | B20: L8.2.2 | C20: Item P03 - Ø 250mm Noreva NRV-BK Non-Return valve or approved similar | D20: No | E20: 1
A21: 8.6.4 | B21: L8.2.2 | C21: Item P04 - Ø 250mm Dismantling joint - VJ type or approved similar | D21: No | E21: 1
A22: 8.6.5 | B22: L8.2.2 | C22: Item P05 - Ø 110mm uPVC Class 9 drainage pipe | D22: m | E22: 6
A61: ='NRVC1-S8'!C7& " total carried to summary page" -> Schedule 8 total carried to summary page
A63: =+'NRVC1-S8'!A61:G61+1 -> 20

Sheet VC1-S9
A1: =works!A1 -> Kgetlengrivier | G1: =works!G1 -> 46274
A2: =+works!A2 -> Bulk Water Supply Bodorp Swartruggens
A3: =works!A3 -> Pipeline and related works
A5: Item | B5: Payment | C5: Item Description | D5: Unit | E5: Quantities | F5: Rate | G5: Amount
A6: number | B6: reference | E6: tender | G6: Rands.cents
B7: SANS | C7: Schedule 9
B8: 1 200 | C8: Valve Chamber at Bo-Dorp Elevated Tanks
C10: 1
A12: 9.1 | C12: Earthworks
C14: Note : all excavations other than rock requiring blasting will be considered as soft excavation. Supply, install/construct the following items :
A16: 9.1.1 | B16: D8.3.2a | C16: Excavate in bulk, dispose of surplus and unsuitable material | D16: m³ | E16: 11
A17: 9.1.2 | B17: D8.3.2.b2 | C17: Extra over for excavation in hard rock material | D17: m³ | E17: 2
A18: 9.1.3 | B18: D8.3.2.b3 | C18: Extra over for excavation in boulder material | D18: m³ | E18: 1
A19: 9.1.4 | B19: ME8.3.1 | C19: In-Situ material compacted to 95% MOD AASHTO density | D19: m³ | E19: 2
A20: 9.1.5 | B20: DM8.3.4 | C20: Backfill excavated material around structure in 150 mm layer after airvalve chamber is completed with compaction to 93% Mod AASHTO density | D20: m³ | E20: 20
A22: 9.2 | C22: Concrete & related items
C24: Supply, install/construct the following items :
A26: 9.2.1 | B26: G8.4.2 | C26: 50 mm blinding layer below slabs | D26: m² | E26: 7
A27: 9.2.2 | B27: G8.4.3 | C27: Floor, walls, roof and pipe supports cast from 30 MPa concrete | D27: m3 | E27: 7
A29: 9.3 | C29: Reinforcement
A31: 9.3.1 | B31: G8.3.1 | C31: High tensile reinforcement | D31: t | E31: 1
A33: 9.4 | C33: Form work
A35: 9.4.1 | B35: G8.2.2 | C35: Uniform wood float finish | D35: m² | E35: 11
A36: 9.4.2 | B36: G8.2.3 | C36: Smooth vertical form work | D36: m² | E36: 25
A37: 9.4.2 | B37: G8.2.3 | C37: Smooth horizontal form work | D37: m² | E37: 4
A38: 9.4.3 | B38: G8.2.2 | C38: Chamfer concrete edges | D38: m | E38: 20
A40: 9.5 | C40: Miscellaneous items
C42: Air vent
C43: All mild steel plates & pipes are to be hot dip galvanized
A45: 9.5.1 | B45: H8.3.1 & 3 | C45: 100 mm Ø plain m/s air vent with wall thickness on 4.5 mm complete | D45: No | E45: 2
C47: Manhole lid
A49: 9.5.2 | B49: H8.3.1 & 3 | C49: Fiberite type locable manhole lid or approved similar - 900x750mm | D49: No | E49: 1
C51: Drainage of chamber
A53: 9.5.3 | B53: G8.2.6 | C53: Fill chamber with 19 mm by 150mm deep washed crushed stone | D53: m³ | E53: 1
A54: 9.5.4 | C54: 110 mm Ø u-PVC pipe installed as drain | D54: m | E54: 6
A59: =+'VC2-S9'!A61:G61 -> 22
A61: =+'NRVC2-S8'!A63:G63+1 -> 21

Sheet VC2-S9
A1: =works!A1 -> Kgetlengrivier | G1: =works!G1 -> 46274
A2: =+works!A2 -> Bulk Water Supply Bodorp Swartruggens
A3: =works!A3 -> Pipeline and related works
A5: Item | B5: Payment | C5: Item Description | D5: Unit | E5: Quantities | F5: Rate | G5: Amount
A6: number | B6: reference | E6: tender | G6: Rands.cents
B7: SANS | C7: Schedule 9 continued
B8: 1 200 | C8: =+'VC1-S9'!C8 -> Valve Chamber at Bo-Dorp Elevated Tanks
A10: =+'VC1-S9'!A61:G61 -> 21
A12: 9.6 | C12: Valve Chamber Item Schedule
C14: Supply & install the following pipe items PN16 rated Grade B steel:
C15: Pipe items to include complete installation kit, i.e. bolts, nuts, washers, gaskets, grease, denso mastic tape, sealant at puddle flanges etc
A17: 9.6.1 | B17: L8.2.2 | C17: Item 1 - Ø 250mm flanged equal T-piece | D17: no | E17: 2
A18: 9.6.2 | B18: L8.2.2 | C18: Item 2 - Ø 250mm dismantling joint, complete with restraining flange and tie rods | D18: no | E18: 4
A19: 9.6.3 | B19: L8.2.2 | C19: Item 3 - Ø 250mm NRS wedge gate valve with hand wheel or approved similar | D19: No | E19: 4
A20: 9.6.4 | B20: L8.2.3 | C20: Item 4 - Ø 250mm flanged mild steel pipe | D20: no | E20: 4
A21: 9.6.5 | B21: L8.2.2 | C21: Item 5 - Ø 250mm check valve, AVK or approved similar | D21: no | E21: 2
A22: 9.6.6 | B22: L8.2.2 | C22: Item 6 - Ø 250mm level control valve | D22: No | E22: 1
A23: 9.6.7 | B23: L8.2.3 | C23: Item 7 - Ø 250mm flanged mild steel pipe | D23: no | E23: 2
A24: 9.6.8 | B24: L8.2.2 | C24: Item 8 - Ø 250mm Mild steel to uPVC adaptor | D24: No | E24: 2
A25: 9.6.9 | B25: L8.2.2 | C25: Item 9 - Ø 250mm flanged mild steel long radius 90° bend | D25: No | E25: 4
A26: 9.6.10 | B26: L8.2.3 | C26: Item 10 - Ø 250mm flanged mild steel pipe | D26: no | E26: 4
A59: ='VC1-S9'!C7& " total carried to summary page" -> Schedule 9 total carried to summary page | G59: =+SUM(G10:G58) -> 0
A61: =+'VC1-S9'!A61:G61+1 -> 22

Sheet Sum 30
A1: =works!A1 -> Kgetlengrivier | C1: =works!G1 -> 46274
A2: =works!A2 -> Bulk Water Supply Bodorp Swartruggens
A3: =works!A3 -> Pipeline and related works
A5: Summary of the Schedule of Quantities
A7: ='pgp1'!C7 -> Schedule 1 | B7: ='pgp1'!C8 -> Preliminary and general
A8: ='ohs1-S2'!C7 -> Schedule 2 | B8: ='ohs1-S2'!C8 -> Occupational health and safety requirements
A9: ='wt1-S3'!C7 -> Schedule 3 | B9: ='wt1-S3'!C8 -> Water pipe line earthworks
A10: ='Pipe Lines1 - S4'!C7 -> Schedule 4 | B10: ='Pipe Lines1 - S4'!C8 -> Pipe Line - Ø 250mm
A11: ='AVC1-S5'!C7 -> Schedule 5 | B11: ='AVC1-S5'!C8 -> Air Valve Chamber on Ø 250mm pipe line
A12: ='SSC-S6'!C7 -> Schedule 6 | B12: ='SSC-S6'!C8 -> Single scour valve on Ø 250mm pipe line
A13: ='DSC1-S7'!C7 -> Schedule 7 | B13: ='DSC1-S7'!C8 -> Double scour valve on Ø 250mm pipe line
A14: ='NRVC1-S8'!C7 -> Schedule 8 | B14: ='NRVC1-S8'!C8 -> Non-Return Valve Chamber on Ø 250mm pipe line
A15: ='VC1-S9'!C7 -> Schedule 9 | B15: ='VC1-S9'!C8 -> Valve Chamber at Bo-Dorp Elevated Tanks
A26: Sub - total : Construction Value
A28: Add 10% of Construction Value for Contingencies | D28: 0.1
A30: Sub - total 1 : Construction and Contingency Value
A32: Add 0% Contract Price Adjustment (CPA) | B32: Add estimated (10% of construction value) contingencies
A34: Sub - total 2 : Construction, Contingency & CPA Value
A36: Add 15% Value Added Tax | B36: Add 14% Value Added Tax | D36: 0.15
A37: Total tender amount carried to form of offer : | B37: Total value carried to Tender Document's front page
A46: =+'VC2-S9'!A61:G61+1 -> 23
